Map: Overgrown Facility

Players

Mesrob

  • Race: Terran Terran
  • League: Gold
  • Spawn Location: 7:00

Subwaymaker

  • Race: Protoss Protoss
  • League: Silver
  • Spawn Location: 9:00

hiqsa

  • Race: Protoss Protoss
  • League: Gold
  • Spawn Location: 1:00

Raj

  • Race: Terran Terran
  • Spawn Location: 3:00

VOD

Have the link to the VOD?

Description

Time

  • Played on: Jan. 16, 2019, 7:46 p.m.
  • Length: 33:02
Show
View Real Time Build Order
Export as new Build Order

Mesrob Terran 

Build Orders: 2 Factory, Mech 

Get SALT Encoding   

  12  0:00  SCV  
  13  0:13  SCV  
  14  0:23  Supply Depot  
  14  0:25  SCV  
  15  0:44  SCV  
  15  0:46  Barracks  
  16  0:57  Refinery, SCV  
  17  1:09  SCV  
  17  1:35  Command Center  
  17  1:39  Marine  
  18  1:45  Bunker  
  18  1:50  Orbital Command  
  18  2:20  Supply Depot, Factory  
  18  2:21  Marine  
  19  2:43  Supply Depot  
  19  3:00  SCV, Factory  
  19  3:04  Orbital Command  
  20  3:12  SCV  
  21  3:18  Refinery  
  21  3:24  SCV  
  22  3:28  Factory Tech Lab  
  22  3:36  SCV, Factory  
  23  3:45  SCV  
  25  3:48  SCV  
  25  3:58  SCV  
  25  4:00  SCV  
  25  4:01  Siege Tank  
  30  4:10  SCV  
  30  4:14  Factory Reactor  
  31  4:22  Engineering Bay  
  31  4:32  SCV  
  31  4:35  Refinery  
  32  4:39  Armory  
  32  4:40  Barracks Tech Lab  
  32  4:42  SCV  
  32  4:44  SCV  
  34  4:49  Factory Reactor  
  34  4:54  SCV  
  35  5:14  Command Center, Siege Tank  
  38  5:28  Missile Turret  
  38  5:44  Hellbat  
  38  5:46  Thor  
  38  5:47  Hellbat  
  48  5:51  Hellbat  
  48  5:55  Missile Turret  
  48  5:56  Hellbat  
  52  5:59  SCV  
  52  6:01  SCV  
  54  6:14  Barracks Tech Lab  
  54  6:15  Missile Turret, Factory  
  54  6:25  SCV  
  54  6:26  Hellbat x2  
  54  6:29  Orbital Command  
  59  6:34  Refinery, SCV  
  59  6:36  Missile Turret  
  59  6:38  SCV  
  61  6:45  Refinery  
  61  6:46  SCV  
  62  6:50  SCV  
  63  6:55  SCV  
  63  6:57  Refinery  
  63  6:58  SCV  
  65  7:02  SCV  
  65  7:05  Missile Turret  
  66  7:16  Factory  
  66  7:17  Terran Vehicle Weapons Level 1  
  66  7:18  Barracks Tech Lab  
  66  7:20  Armory  
  66  7:24  SCV  
  66  7:27  Missile Turret  
  66  7:28  SCV x2  
  69  7:49  Missile Turret  
  69  7:52  Supply Depot  
  69  8:04  Infernal Pre-Igniter  
  69  8:08  Missile Turret  
  69  8:10  Supply Depot  
  69  8:13  SCV x3  
  69  8:14  Supply Depot  
  69  8:17  Barracks Tech Lab  
  72  8:23  Factory  
  72  8:25  Hellbat, SCV x3  
  77  8:32  Thor, Hellbat  
  85  8:34  Supply Depot  
  85  8:35  Thor  
  85  8:36  Hellbat, Terran Vehicle And Ship Armor Level 1  
  85  8:37  Supply Depot  
  85  8:40  Missile Turret  
  93  8:56  Thor, Hellbat  
  93  8:58  Supply Depot  
  93  9:00  Missile Turret  
  93  9:01  Supply Depot  
  101  9:13  Hellbat  
  101  9:14  Hellbat x2  
  107  9:24  Supply Depot  
  107  9:35  Barracks Reactor  
  107  9:36  Factory  
  107  9:42  Thor x2  
  125  9:46  Hellbat x3  
  125  9:48  Thor  
  125  9:52  Supply Depot  
  131  10:15  Supply Depot  
  131  10:31  Command Center  
  131  10:35  Smart Servos  
  131  10:38  Supply Depot  
  131  11:41  Supply Depot  
  131  11:51  Factory  
  131  12:04  Supply Depot  
  131  12:27  Supply Depot  
  131  12:48  Planetary Fortress  
  131  12:50  SCV, Supply Depot  
  131  12:51  SCV x2  
  133  12:57  Supply Depot  
  134  13:03  SCV x3  
  137  13:13  Thor, Supply Depot  
  137  13:14  Thor x4  
  137  13:15  SCV  
  137  13:16  Hellbat x4  
  176  13:20  Supply Depot  
  176  13:22  Refinery  
  176  13:25  Hellbat x2  
  180  13:33  Factory  
  180  13:42  Supply Depot  
  180  13:46  Refinery  
  180  14:05  Thor x3  
  180  14:07  Supply Depot  
  198  14:16  Factory  
  198  14:29  Supply Depot  
  196  14:47  Hellbat x2  
  196  14:51  Supply Depot  
  190  15:05  Thor x4  
  198  15:07  Hellbat  
  90  16:11  Thor x4  
  90  16:12  Thor  
  90  16:14  Hellbat  
  122  16:30  Hellbat  
  122  16:31  Hellbat x4  
  129  16:49  Hellbat  
  129  16:54  Thor  
  131  16:55  Thor x2  
  149  17:26  Command Center  
  149  17:50  Refinery  
  148  18:07  Thor  
  148  18:08  Thor x3  
  148  18:10  Hellbat x3  
  148  18:12  Refinery  
  171  19:09  Thor x3  
  183  19:10  Thor  
  183  19:12  Hellbat  
  183  19:13  Hellbat  
  183  19:17  Command Center  
  199  19:24  SCV  
  200  19:51  Planetary Fortress  
  199  20:41  Planetary Fortress  
  191  21:00  Sensor Tower  
  190  21:13  Command Center  
  142  21:49  Thor x4  
  142  21:50  Thor  
  142  21:51  Hellbat x3  
  142  21:52  Hellbat x2  
  182  21:54  Hellbat  
  175  22:13  Hellbat  
  159  22:32  Thor  
  159  22:40  Thor x3  
  159  22:41  Thor  
  153  22:47  Refinery  
  139  23:13  Refinery  
  139  23:15  Thor  
  139  23:17  Hellbat x2  
  139  23:18  Hellbat x2  
  139  23:19  Hellbat  
  117  24:09  Factory Reactor, Factory Tech Lab  
  110  24:31  Planetary Fortress  
  56  26:18  Thor x4  
  68  26:19  Thor x2  
  68  26:20  Hellbat x3  
  68  26:21  Hellbat x5  
  78  26:39  Missile Turret  
  78  26:42  Missile Turret  
  78  27:01  Thor x3  
  96  27:11  Thor  
  102  27:27  SCV  
  103  27:39  SCV  
  104  27:51  SCV  
  105  28:03  SCV  
  106  28:15  SCV  
  107  28:47  Command Center  
  107  29:28  Thor x2  
  107  29:29  Thor  
  125  30:12  SCV  
  22  31:39  Hellion x4  
  34  31:40  Hellion x5  
  34  31:41  Hellion x5  
  50  31:47  Armory  
  50  31:55  SCV  
  50  32:00  Hellion  
  50  32:01  Hellion  
  55  32:07  SCV  
  54  32:19  SCV  
  51  32:32  SCV  
  42  32:41  Supply Depot  
  42  32:44  SCV  
Show
View Real Time Build Order
Export as new Build Order

Subwaymaker Protoss 

Build Orders:  

Get SALT Encoding   

  1  0:00  Probe  
  12  0:06  Probe  
  14  0:27  Pylon  
  14  0:34  Assimilator, Probe  
  15  0:50  Gateway  
  15  0:51  Probe  
  16  0:59  Probe  
  17  1:07  Probe  
  17  1:17  Probe  
  19  1:37  Pylon  
  19  1:43  Cybernetics Core  
  19  2:05  Forge  
  19  2:12  Probe  
  20  2:17  Assimilator  
  20  2:20  Pylon  
  20  2:23  Probe  
  21  2:31  Probe  
  21  2:36  Zealot  
  24  2:39  Probe  
  24  2:42  Warp Gate  
  25  2:50  Probe  
  26  3:01  Twilight Council  
  26  3:03  Gateway  
  26  3:12  Nexus  
  26  3:15  Pylon  
  26  3:30  Probe  
  27  3:36  Charge  
  27  3:42  Probe  
  28  3:54  Probe, Zealot  
  31  3:57  Zealot  
  33  4:06  Probe  
  34  4:18  Probe  
  35  4:24  Stargate  
  35  4:25  Probe  
  35  4:30  Probe, Pylon  
  37  4:33  Protoss Air Weapons Level 1  
  37  4:37  Probe  
  38  4:41  Pylon  
  38  4:42  Probe  
  39  4:47  Zealot, Gateway  
  39  4:48  Zealot  
  43  4:56  Assimilator  
  43  4:58  Protoss Ground Weapons Level 1  
  43  5:01  Assimilator  
  43  5:06  Void Ray  
  47  5:27  Zealot x2  
  51  5:40  Photon Cannon  
  51  5:42  Shield Battery  
  51  5:46  Stargate  
  51  5:51  Fleet Beacon  
  51  5:56  Probe  
  51  6:00  Probe  
  53  6:05  Probe  
  53  6:09  Probe  
  54  6:14  Probe  
  54  6:17  Probe  
  57  6:26  Probe x2  
  57  6:27  Void Ray  
  57  6:32  Void Ray  
  67  6:38  Probe x2  
  69  6:44  Cybernetics Core  
  69  6:45  Protoss Ground Armor Level 1  
  69  6:46  Protoss Air Armor Level 1, Pylon  
  69  6:50  Probe  
  69  6:51  Probe  
  71  6:57  Pylon  
  71  6:58  Pylon  
  71  7:00  Pylon  
  71  7:19  Stalker  
  71  7:20  Stalker  
  75  7:38  Nexus  
  75  7:40  Probe  
  75  7:41  Probe, Pylon  
  77  7:52  Zealot, Stalker  
  77  7:53  Probe x2  
  77  7:55  Stalker  
  85  8:11  Protoss Air Weapons Level 2  
  85  8:12  Void Ray  
  93  8:27  Probe  
  94  8:29  Stalker  
  94  8:30  Stalker  
  94  8:31  Zealot  
  81  9:27  Pylon  
  81  9:29  Pylon  
  81  9:32  Assimilator  
  81  9:36  Assimilator  
  81  9:40  Pylon  
  83  9:54  Robotics Facility, Carrier  
  83  9:57  Stalker x3  
  71  10:46  Stalker x3  
  71  11:24  Stalker  
  71  11:25  Stalker x2  
  77  11:51  Stargate  
  74  12:13  Robotics Facility  
  72  12:42  Stalker x3  
  77  12:54  Observer  
  77  12:57  Void Ray  
  81  13:00  Fleet Beacon  
  82  13:11  Observer  
  82  13:19  Nexus  
  83  13:23  Pylon  
  83  13:27  Pylon  
  83  13:29  Carrier  
  83  13:30  Photon Cannon  
  83  13:31  Photon Cannon  
  83  13:32  Shield Battery  
  83  13:38  Photon Cannon  
  83  13:41  Photon Cannon  
  83  13:42  Carrier  
  95  13:56  Stalker  
  97  14:07  Probe  
  98  14:19  Probe  
  99  14:33  Carrier  
  105  14:40  Stalker  
  66  15:09  Stalker  
  40  15:36  Stalker  
  40  15:37  Stalker x2  
  40  15:40  Void Ray  
  45  16:06  Zealot x2  
  23  16:35  Zealot  
  25  16:45  Probe  
  26  17:05  Probe  
  26  17:13  Probe  
  28  17:49  Stalker  
  30  17:51  Probe  
  31  18:01  Void Ray  
  31  18:02  Void Ray  
  39  18:07  Stalker  
  41  18:15  Stalker  
  43  18:31  Stalker  
  45  18:52  Stalker  
  45  18:54  Void Ray  
  45  18:55  Void Ray  
  55  18:58  Stalker  
  57  19:14  Probe  
  57  19:22  Probe  
  58  19:30  Stalker x2  
  63  19:32  Probe  
  64  19:44  Probe  
  65  19:52  Probe  
  65  19:58  Void Ray  
  70  20:00  Probe  
  70  20:01  Void Ray  
  75  20:10  Probe  
  76  20:23  Pylon  
  76  20:35  Nexus  
  76  20:47  Pylon  
  76  20:50  Pylon  
  76  21:16  Void Ray  
  62  21:51  Void Ray  
  66  21:56  Stalker  
  66  21:57  Probe  
  61  22:05  Probe  
  26  22:42  Stalker  
  26  22:43  Zealot, Stalker  
  31  22:51  Probe  
  31  22:59  Probe  
  31  23:00  Gateway  
  31  23:01  Gateway  
  28  23:07  Probe  
  29  23:17  Probe  
  30  23:33  Zealot  
  30  23:34  Zealot x2  
  34  23:57  Zealot  
  34  23:58  Zealot x3  
  34  24:01  Probe  
  38  24:09  Probe  
  40  24:46  Zealot  
  40  24:47  Zealot x2  
  40  24:48  Zealot, Stalker  
  40  24:50  Void Ray  
  54  24:55  Probe  
  55  25:07  Probe  
  48  25:35  Zealot  
  48  25:36  Zealot  
  48  25:37  Stalker x2  
  48  25:38  Zealot  
  44  25:50  Void Ray  
  40  26:11  Zealot x3  
  42  26:12  Zealot x2  
  44  26:27  Probe  
  35  26:37  Robotics Facility  
  35  26:39  Probe, Pylon  
  30  26:47  Zealot x2  
  30  26:48  Zealot  
  36  26:55  Zealot  
  38  27:02  Probe  
  39  27:13  Zealot  
  39  27:14  Probe, Zealot  
  44  27:19  Observer  
  44  27:26  Probe  
  46  27:35  Probe  
  46  27:36  Assimilator  
  46  27:37  Observer  
  46  27:43  Probe  
  49  27:52  Probe  
  50  27:59  Observer  
  50  28:05  Probe  
  52  28:18  Carrier  
  52  28:22  Zealot x2  
  52  28:23  Zealot, Stalker  
  52  28:24  Zealot  
  62  28:27  Carrier  
  74  28:56  Zealot  
  74  28:57  Zealot, Stalker  
  72  29:21  Carrier  
  78  29:29  Carrier  
  78  29:34  Zealot x2  
  88  30:17  Phoenix  
  90  30:29  Zealot x3  
  90  30:30  Zealot x2  
  100  30:44  Carrier  
  100  30:49  Zealot x2  
  52  31:43  Zealot x3  
  52  31:44  Zealot x2  
  19  33:01  Zealot  
Show
View Real Time Build Order
Export as new Build Order

hiqsa Protoss 

Build Orders:  

Get SALT Encoding   

  12  0:01  Probe  
  13  0:13  Probe  
  14  0:20  Pylon  
  14  0:25  Probe  
  15  0:34  Probe  
  15  0:42  Probe  
  17  0:52  Probe  
  18  1:04  Probe  
  19  1:16  Probe  
  20  1:26  Nexus  
  20  1:28  Pylon  
  20  1:30  Gateway  
  20  1:42  Probe  
  21  1:47  Assimilator  
  21  1:50  Probe  
  21  1:59  Probe  
  23  2:11  Probe, Gateway  
  24  2:20  Probe  
  24  2:27  Cybernetics Core  
  24  2:28  Assimilator, Probe  
  26  2:37  Probe  
  26  2:38  Probe  
  28  2:46  Probe  
  28  2:49  Forge  
  28  2:50  Probe  
  30  2:57  Protoss Ground Weapons Level 1  
  30  3:00  Probe  
  30  3:04  Probe  
  32  3:21  Probe, Nexus  
  32  3:22  Probe  
  34  3:33  Probe  
  35  3:34  Probe  
  35  3:38  Assimilator  
  36  3:45  Probe, Pylon  
  37  3:52  Probe, Pylon, Robotics Facility  
  37  3:58  Probe  
  37  4:02  Probe  
  38  4:05  Pylon  
  39  4:10  Probe  
  39  4:11  Assimilator, Probe  
  39  4:12  Stalker x2  
  45  4:19  Probe  
  45  4:23  Probe  
  47  4:27  Photon Cannon  
  47  4:30  Probe  
  47  4:33  Probe, Photon Cannon  
  47  4:35  Probe  
  50  4:38  Probe  
  50  4:45  Probe, Observer  
  53  4:47  Probe  
  53  4:51  Protoss Ground Armor Level 1  
  54  4:57  Twilight Council, Pylon  
  54  4:58  Probe  
  54  4:59  Probe  
  56  5:02  Sentry  
  56  5:03  Sentry  
  56  5:05  Probe  
  56  5:06  Immortal  
  65  5:11  Probe  
  65  5:12  Probe  
  67  5:17  Probe, Blink  
  68  5:23  Probe  
  68  5:25  Probe  
  68  5:26  Pylon  
  70  5:29  Sentry  
  70  5:30  Pylon  
  70  5:34  Pylon  
  70  5:35  Probe  
  73  5:46  Probe x2  
  73  5:48  Probe, Pylon  
  76  5:54  Assimilator  
  76  5:55  Warp Gate  
  76  5:56  Assimilator  
  76  5:58  Probe x2, Pylon  
  76  6:00  Probe, Pylon  
  76  6:02  Immortal  
  83  6:04  Stalker  
  83  6:05  Stalker  
  83  6:10  Probe  
  88  6:12  Probe  
  88  6:14  Probe  
  90  6:22  Probe  
  90  6:25  Probe  
  92  6:26  Probe  
  93  6:33  Nexus  
  93  6:34  Probe  
  93  6:35  Gateway  
  93  6:37  Gateway  
  93  6:38  Gateway  
  94  6:40  Probe x2, Gateway  
  94  6:43  Protoss Ground Weapons Level 2  
  96  6:52  Photon Cannon  
  96  6:56  Photon Cannon  
  96  6:58  Forge  
  96  6:59  Photon Cannon  
  96  7:01  Robotics Bay  
  96  7:03  Warp Prism, Dark Shrine  
  96  7:05  Gateway  
  96  7:07  Gateway  
  96  7:14  Protoss Ground Armor Level 2  
  98  7:16  Probe  
  98  7:20  Charge  
  99  7:38  Colossus  
  99  7:42  Assimilator  
  99  7:44  Assimilator  
  99  7:48  Extended Thermal Lance  
  105  8:32  Dark Templar x3  
  105  8:34  Zealot x4  
  119  8:46  Zealot  
  109  9:06  Colossus  
  115  9:10  Protoss Ground Weapons Level 3  
  115  9:14  Gravitic Drive  
  111  9:33  Protoss Shields Level 1  
  111  9:44  Dark Templar  
  111  9:45  Dark Templar  
  115  9:46  Zealot x3  
  115  9:47  Zealot x3  
  127  10:00  Colossus  
  133  10:11  Gravitic Boosters  
  117  10:31  Dark Templar x3  
  117  10:32  Zealot x3  
  117  10:33  Zealot x2  
  133  11:15  Protoss Shields Level 2  
  131  11:22  Protoss Ground Armor Level 3  
  125  11:42  Stalker x4  
  125  11:43  Stalker x4  
  131  12:57  Dark Templar  
  131  12:58  Dark Templar x6  
  139  12:59  Dark Templar  
  139  13:02  Archon x4  
  147  13:15  Warp Prism  
  149  13:45  Gateway x2  
  149  13:46  Gateway  
  149  13:47  Gateway  
  149  13:49  Observer  
  149  13:52  Gateway  
  149  13:54  Gateway  
  150  13:56  Pylon  
  150  13:58  Pylon  
  150  13:59  Pylon x2  
  150  14:01  Pylon  
  150  14:15  Dark Templar x4  
  150  14:16  Dark Templar x4  
  166  14:19  Archon  
  166  14:20  Archon x3  
  116  15:14  Zealot  
  116  15:15  Zealot x6  
  116  15:16  Zealot  
  132  15:25  Dark Templar  
  132  15:26  Dark Templar x4  
  132  15:27  Zealot  
  99  15:38  Stalker x2  
  99  15:39  Stalker x4  
  99  15:40  Stalker x2  
  71  15:57  Stalker  
  71  15:59  Archon x2  
  67  16:18  Stalker x5  
  71  16:19  Stalker x6  
  71  16:20  Stalker x3  
  87  16:54  Protoss Shields Level 3  
  87  17:05  Nexus  
  87  17:07  Nexus  
  87  17:08  Assimilator  
  87  17:10  Assimilator x2, Observer  
  88  17:28  Observer  
  89  17:49  Observer  
  90  18:08  Zealot x6  
  90  18:09  Dark Templar  
  90  18:10  Observer  
  105  18:32  Observer  
  88  19:09  Templar Archives  
  86  19:54  Zealot x3  
  86  19:55  Zealot x7  
  86  19:56  Zealot x4  
  112  20:59  Warp Prism  
  88  21:15  Zealot x2  
  88  21:16  Zealot x6  
  88  21:17  Zealot x6  
  87  21:47  Zealot x5  
  87  21:48  Dark Templar  
  87  21:49  Dark Templar x2  
  87  21:50  Zealot x4  
  106  21:55  Immortal  
  36  22:26  Dark Templar x5  
  36  22:28  Zealot x5  
  36  22:29  Zealot x2  
  40  23:19  Zealot x3  
  46  23:20  Zealot x6  
  46  23:21  Zealot x4  
  62  23:40  Zealot x4  
  62  23:41  Zealot x6  
  72  23:42  Zealot x2  
  68  23:50  Stalker  
  64  23:59  Psionic Storm  
  46  24:10  Warp Prism  
  46  24:16  Observer  
  46  24:24  Archon x2  
  42  24:52  High Templar  
  44  24:53  High Templar x3  
  40  26:15  Dark Templar x2  
  30  26:34  Archon  
  30  26:49  Zealot x4  
  30  26:50  Zealot x6  
  30  27:35  Dark Templar x3  
  30  27:36  Dark Templar  
  30  28:26  Dark Templar x3  
  29  29:33  Dark Templar x2  
  29  29:34  Zealot x3  
  29  31:59  Zealot x2  
  29  32:00  Zealot  
Show
View Real Time Build Order
Export as new Build Order

Raj Terran 

Build Orders: Mech 

Get SALT Encoding   

  12  0:01  SCV  
  13  0:13  SCV  
  14  0:18  Supply Depot  
  14  0:25  SCV  
  15  0:31  Refinery  
  15  0:40  SCV  
  16  0:52  SCV  
  16  0:53  Barracks  
  18  1:04  SCV  
  18  1:16  SCV  
  19  1:28  SCV  
  20  1:38  Command Center  
  20  1:41  Barracks Reactor  
  20  1:50  Orbital Command  
  20  2:01  Factory  
  20  2:10  Supply Depot  
  20  2:16  SCV  
  20  2:18  Marine  
  20  2:19  Marine  
  23  2:28  Refinery  
  23  2:30  Supply Depot  
  23  2:32  SCV  
  24  2:37  Marine  
  24  2:38  Marine  
  26  2:45  SCV  
  26  2:46  Factory Tech Lab  
  27  2:57  Marine x2, SCV  
  30  3:02  Orbital Command  
  30  3:10  SCV  
  31  3:14  Armory  
  31  3:21  Marine x2  
  31  3:22  SCV  
  31  3:24  Widow Mine  
  36  3:31  SCV  
  38  3:34  SCV  
  38  3:38  Supply Depot  
  38  3:40  Marine  
  38  3:41  Marine  
  40  3:44  SCV  
  40  3:46  SCV  
  42  3:55  Siege Tank  
  45  3:58  SCV  
  46  4:03  Terran Vehicle Weapons Level 1  
  46  4:08  Factory  
  46  4:10  SCV  
  46  4:13  Factory  
  46  4:17  SCV, Engineering Bay  
  47  4:22  SCV  
  49  4:29  SCV  
  50  4:34  SCV  
  50  4:35  Starport  
  50  4:36  Refinery  
  51  4:39  Refinery  
  51  4:41  SCV  
  51  4:43  Missile Turret  
  52  4:46  Drilling Claws, SCV  
  53  4:53  SCV, Factory Tech Lab  
  53  4:56  Hellion  
  53  4:58  SCV  
  53  4:59  Widow Mine x2  
  61  5:05  SCV  
  62  5:09  Supply Depot  
  62  5:23  Supply Depot  
  62  5:26  Starport Tech Lab  
  62  5:31  Siege Tank, Hellion x2, SCV  
  70  5:38  Command Center  
  70  5:44  SCV x2  
  70  5:46  Raven  
  74  5:56  SCV  
  75  5:57  Terran Vehicle And Ship Armor Level 1  
  75  6:03  SCV  
  76  6:08  SCV  
  76  6:10  Missile Turret  
  77  6:13  Supply Depot  
  77  6:14  Missile Turret  
  77  6:15  SCV  
  77  6:16  Supply Depot  
  78  6:22  Armory  
  78  6:24  Liberator  
  78  6:27  Supply Depot  
  78  6:34  Siege Tank x2  
  78  6:35  Hellion  
  78  6:38  Hellion  
  88  6:41  Refinery  
  88  6:44  Refinery, Hi-Sec Auto Tracking  
  88  6:45  SCV  
  92  6:50  Orbital Command  
  92  6:52  Missile Turret  
  92  6:55  SCV  
  92  6:57  SCV  
  92  7:00  Widow Mine  
  92  7:01  Widow Mine  
  98  7:07  SCV  
  99  7:10  Missile Turret  
  99  7:12  Terran Vehicle Weapons Level 2  
  99  7:16  Thor  
  105  7:24  SCV x2  
  107  7:33  Command Center  
  107  7:35  SCV  
  108  7:51  Missile Turret  
  108  7:55  Factory  
  108  7:57  Terran Vehicle And Ship Armor Level 2, Factory  
  108  8:00  Infernal Pre-Igniter  
  108  8:01  Factory  
  108  8:02  Liberator  
  112  8:05  Widow Mine  
  112  8:06  Widow Mine x2  
  114  8:13  Missile Turret  
  114  8:16  Missile Turret  
  114  8:17  Neosteel Armor  
  117  8:33  Refinery  
  117  8:39  Command Center  
  117  8:40  Factory Tech Lab  
  117  8:41  Factory Tech Lab  
  117  8:44  Siege Tank  
  117  8:47  Refinery  
  117  8:48  Missile Turret, Orbital Command  
  120  8:50  SCV x3  
  123  9:01  Marine  
  124  9:07  Missile Turret  
  124  9:12  Factory Tech Lab  
  124  9:22  Starport x2  
  124  9:25  Starport  
  124  9:26  Starport  
  124  9:37  Starport  
  124  9:38  Missile Turret  
  124  9:52  Planetary Fortress  
  124  9:53  Command Center  
  124  9:58  Missile Turret  
  124  10:03  Missile Turret  
  124  10:05  Missile Turret  
  124  10:08  Command Center  
  124  10:19  Missile Turret  
  124  10:21  Terran Vehicle And Ship Armor Level 3, Terran Vehicle Weapons Level 3  
  124  10:22  Missile Turret  
  124  10:24  Missile Turret, Starport Tech Lab x4  
  124  10:28  Weapon Refit  
  124  10:34  Fusion Core  
  124  10:41  Missile Turret  
  124  10:42  Missile Turret  
  124  10:55  Missile Turret  
  124  11:04  Missile Turret  
  124  11:07  Engineering Bay  
  124  11:11  Ghost Academy  
  124  11:12  Ghost Academy  
  124  11:15  Missile Turret  
  124  11:22  Barracks Reactor  
  124  11:27  Starport Tech Lab  
  124  11:33  Missile Turret  
  124  11:53  Missile Turret  
  124  11:54  Missile Turret  
  124  11:55  Terran Infantry Armor Level 1, Personal Cloaking, Terran Infantry Weapons Level 1  
  124  11:56  Nuke  
  124  11:58  Missile Turret  
  124  12:03  Advanced Ballistics  
  124  12:14  Command Center  
  124  12:18  Missile Turret  
  124  12:21  Orbital Command  
  124  12:37  Command Center  
  124  12:43  Marine x2  
  126  12:50  Refinery  
  126  12:52  Refinery  
  126  12:58  Barracks  
  126  13:01  Marine x2, Barracks  
  126  13:04  Barracks  
  128  13:18  Marine  
  128  13:19  Marine  
  130  13:20  Refinery x2  
  130  13:22  Orbital Command  
  130  13:36  Marine x2  
  132  13:49  Mag-Field Accelerator  
  132  13:54  Marine x2  
  134  13:55  Barracks Tech Lab  
  134  13:56  Orbital Command, Barracks Tech Lab x2  
  134  14:06  Terran Infantry Weapons Level 2  
  134  14:07  Terran Infantry Armor Level 2  
  134  14:09  Nuke  
  134  14:11  Smart Servos  
  134  14:12  Marine x2  
  134  14:13  Terran Ship Weapons Level 1  
  134  14:15  Cloaking Field, Corvid Reactor  
  134  14:16  Hyperflight Rotors, Rapid Reignition System  
  136  14:21  Battlecruiser x3  
  136  14:22  Battlecruiser  
  160  14:30  Marine x2  
  162  14:35  Siege Tank x3  
  163  15:03  Siege Tank  
  163  15:04  Siege Tank, Battlecruiser  
  163  15:05  Battlecruiser  
  176  15:07  Siege Tank  
  156  15:36  Thor x2  
  156  15:38  Battlecruiser x3  
  163  16:25  Thor x2  
  163  16:26  Thor  
  163  16:27  Siege Tank x2  
  187  16:33  Orbital Command  
  187  16:39  Terran Infantry Weapons Level 3, Terran Infantry Armor Level 3  
  187  16:48  Ghost Academy x2  
  187  16:49  Ghost Academy  
  187  16:53  Medivac  
  189  16:57  Missile Turret  
  189  17:01  Marine x2  
  189  17:05  Refinery  
  191  17:15  Missile Turret  
  191  17:19  Marine x2  
  193  17:34  Terran Ship Weapons Level 2  
  193  17:37  Marine x2  
  195  17:55  Marine x2  
  197  18:04  Sensor Tower  
  197  18:17  Sensor Tower  
  197  18:26  Missile Turret  
  197  18:28  Widow Mine  
  199  18:35  Nuke x3  
  199  18:37  Missile Turret  
  199  18:43  Ghost Academy  
  199  18:44  Ghost Academy  
  199  18:45  Ghost Academy  
  199  18:46  Combat Shield  
  199  18:47  Concussive Shells  
  199  18:52  Marine  
  199  19:08  Stimpack  
  199  19:13  Ghost Academy  
  199  19:36  Refinery  
  199  19:40  Missile Turret  
  199  19:50  Missile Turret  
  199  20:18  Missile Turret  
  170  21:34  Widow Mine x6  
  170  21:35  Widow Mine  
  163  21:55  Widow Mine x3  
  163  21:56  Widow Mine x4  
  173  22:16  Widow Mine  
  173  22:17  Widow Mine x6  
  161  22:38  Siege Tank x3  
  161  22:40  Widow Mine x4  
  170  22:57  Nuke x2  
  170  22:58  Nuke x2  
  170  23:06  Terran Ship Weapons Level 3  
  150  23:47  Orbital Command  
  150  24:43  Widow Mine  
  150  24:44  Widow Mine x6  
  164  25:03  Refinery x2  
  164  25:05  Widow Mine x6  
  164  25:06  Widow Mine  
  169  25:26  Siege Tank, Widow Mine  
  160  25:38  Unknown x3  
  142  26:26  Refinery  
  142  26:33  Orbital Command  
  142  26:54  Liberator x5  
  142  26:55  Liberator  
  142  27:08  Widow Mine x5  
  152  27:09  Widow Mine x2  
  174  27:29  Siege Tank x3, Widow Mine x2  
  187  27:51  Refinery x2  
  187  28:06  Nuke  
  187  28:14  Raven  
  189  28:44  Missile Turret  
  195  29:54  Unknown  
  195  29:55  Unknown x2  
  195  30:15  Missile Turret  
  195  30:16  Missile Turret  
  199  30:47  Unknown x2  
  174  31:30  Refinery x2  
  125  32:18  Widow Mine  
  125  32:19  Widow Mine x6  
  133  32:40  Widow Mine x2  
Tags
 
Add a new tag
Caveats
  • Supply blocks, unpowered buildings, or Contaminate may cause inaccurate times.
  • Supply counts are checked every 10 seconds.